 Dungeon Crawl Stone Soup version 0.18.1-50-g88ac8fd (webtiles) character file.

61968 BabyRage the Destroyer (level 15, -1/138 HPs)
             Began as a Naga Ice Elementalist on Oct 20, 2016.
             Was the Champion of Cheibriados.
             Slain by a sun demon (12 damage)
             ... summoned by an orc high priest
             ... on level 2 of the Orcish Mines on Oct 22, 2016.
             The game lasted 01:24:57 (27698 turns).

BabyRage the Destroyer (Naga Ice Elementalist)     Turns: 27698, Time: 01:24:58

Health: -1/138     AC: 22    Str: 27    XL:     15   Next: 4%
Magic:  26/31      EV: 20    Int: 34    God:    Cheibriados [******]
Gold:   387        SH:  8    Dex: 32    Spells: 5 memorised, 5 levels left

rFire  . . .     SeeInvis +     e - +3 dagger (venom)
rCold  + . .     Gourm    .     D - +0 steam dragon armour
rNeg   . . .     Faith    .     O - +0 buckler
rPois  +         Spirit   .     a - +3 helmet of Beogh's Displeasure {rC+ Dex+4}
rElec  .         Dismiss  .     w - +1 cloak
rCorr  .         Reflect  .     r - +0 pair of gloves
SustAt .         Harm     .     s - +0 naga barding
MR     +....                    (no amulet)
Stlth  ++++......               P - +4 ring of protection
                                G - ring of magical power

@: very slow, somewhat resistant to hostile enchantments, stealthy
A: see invisible, deformed body, poison resistance, slowness 2, slow metabolism
1, spit poison 2, constrict 1, AC +5
a: Spit Poison, Bend Time, Temporal Distortion, Slouch, Step From Time, Renounce
Religion


You were on level 2 of the Orcish Mines.
You worshipped Cheibriados.
Cheibriados was exalted by your worship.
You were hungry.

You visited 3 branches of the dungeon, and saw 21 of its levels.

You collected 1744 gold pieces.
You spent 1357 gold pieces at shops.

Inventory:

Hand Weapons
 e - a +3 dagger of venom (weapon)
Armour
 a - the +3 helmet of Beogh's Displeasure (worn) {rC+ Dex+4}
   (You bought it in a shop on level 2 of the Orcish Mines)

   It affects your dexterity (+4).
   It protects you from cold.
 r - a +0 pair of gloves (worn)
 s - a +0 naga barding (worn)
 w - a +1 cloak (worn)
 D - a +0 steam dragon armour (worn)
 O - a +0 buckler (worn)
Jewellery
 G - a ring of magical power (left hand)
 P - a +4 ring of protection (right hand)
Wands
 m - a wand of flame (28/48)
 v - a wand of iceblast (5/15)
 R - a wand of digging (5/24)
Scrolls
 h - 3 scrolls of teleportation
 k - 7 scrolls of remove curse
 y - 6 scrolls of recharging
 z - 5 scrolls of magic mapping
 I - a scroll of fog
 N - 3 scrolls of amnesia
 Q - 3 scrolls of identify
 S - a scroll of fear
Potions
 d - 2 potions of cancellation
 f - 2 potions of cure mutation
 g - 4 potions of curing
 l - 2 potions of agility
 p - 3 potions of resistance
 E - 3 potions of flight
 F - 3 potions of magic
 H - 2 potions of brilliance
 J - a potion of ambrosia
 M - 2 potions of heal wounds
Books
 b - a book of Frost

   Spells                             Type                      Level
   a - Freeze                         Ice                          1
   b - Throw Frost                    Conjuration/Ice              2
   c - Ozocubu's Armour               Charms/Ice                   3
   d - Throw Icicle                   Conjuration/Ice              4
   e - Summon Ice Beast               Ice/Summoning                4
 n - a Fen Folio

   Spells                             Type                      Level
   a - Corpse Rot                     Necromancy                   2
   b - Stone Arrow                    Conjuration/Earth            3
   c - Leda's Liquefaction            Hexes/Earth                  4
   d - Summon Forest                  Summoning/Translocation      5
   e - Hydra Form                     Transmutation                6
   f - Summon Hydra                   Summoning                    7
 q - a Necronomicon

   Spells                             Type                      Level
   a - Haunt                          Necromancy/Summoning         7
   b - Borgnjor's Revivification      Necromancy                   8
   c - Death's Door                   Charms/Necromancy            8
   d - Necromutation                  Transmutation/Necromancy     8
 x - a book of Misfortune

   Spells                             Type                      Level
   a - Confusing Touch                Hexes                        2
   b - Confuse                        Hexes                        3
   c - Gell's Gravitas                Hexes/Translocation          3
   d - Petrify                        Transmutation/Earth          4
   e - Metabolic Englaciation         Hexes/Ice                    5
   f - Yara's Violent Unravelling     Hexes/Transmutation          5
 A - the Collected Works on Unholy Malediction
   (You found it on level 8 of the Lair of Beasts)

   Spells                             Type                      Level
   a - Animate Skeleton               Necromancy                   1
   b - Inner Flame                    Hexes/Fire                   3
   c - Fulminant Prism                Conjuration/Hexes            4
   d - Control Undead                 Necromancy                   4
   e - Excruciating Wounds            Charms/Necromancy            5
 C - a book of Cantrips

   Spells                             Type                      Level
   a - Corona                         Hexes                        1
   b - Animate Skeleton               Necromancy                   1
   c - Summon Small Mammal            Summoning                    1
   d - Apportation                    Translocation                1
 K - a book of the Sky

   Spells                             Type                      Level
   a - Summon Lightning Spire         Summoning/Air                4
   b - Airstrike                      Air                          4
   c - Silence                        Hexes/Air                    5
   d - Deflect Missiles               Charms/Air                   6
   e - Conjure Ball Lightning         Conjuration/Air              6
   f - Tornado                        Air                          9
 L - Keewaph's Tome of Shifting Feathers
   (You found it on level 6 of the Lair of Beasts)

   Spells                             Type                      Level
   a - Sticks to Snakes               Transmutation                2
   b - Ignite Poison                  Fire/Transmutation/Poison    3
   c - Summon Lightning Spire         Summoning/Air                4
   d - Yara's Violent Unravelling     Hexes/Transmutation          5
   e - Freezing Cloud                 Conjuration/Ice/Air          6
Comestibles
 c - 6 bread rations
 i - 3 meat rations
 j - 6 chunks of flesh
 o - 11 slices of pizza
 t - 21 fruits
 B - 7 beef jerkies


   Skills:
 - Level 10.0 Fighting
 - Level 10.0 Dodging
 - Level 3.0 Stealth
 - Level 5.0 Shields
 - Level 5.1 Spellcasting
 + Level 10.4 Conjurations
 - Level 6.0 Summonings
 + Level 10.3 Ice Magic
 + Level 10.4 Air Magic
 - Level 8.0 Invocations


You had 5 spell levels left.
You knew the following spells:

 Your Spells              Type           Power        Failure   Level  Hunger
a - Freeze                Ice            ####         1%          1    None
b - Summon Ice Beast      Ice/Summ       ######..     1%          4    ###....
c - Throw Icicle          Conj/Ice       ######..     1%          4    ###....
d - Summon Lightning Spi  Summ/Air       ######..     1%          4    ###....
e - Freezing Cloud        Conj/Ice/Air   ######....   12%         6    ######.


Dungeon Overview and Level Annotations

Branches:
Dungeon (11/15)            Temple (0/1) D:6            Lair (8/8) D:9
  Swamp (0/4) Lair:4        Snake (0/4) Lair:4        Slime (0/6) Lair:7
    Orc (2/2) D:11
    Elf: Orc:2

Altars:
Ashenzari
Cheibriados
Elyvilon
Fedhas
Gozag
Makhleb
Nemelex Xobeh
Okawaru
Vehumet
Zin
The Shining One
Beogh
Jiyva

Shops:
D:11 :   Orc:2 [?*


Innate Abilities, Weirdness & Mutations

You cannot wear boots.
Your serpentine skin is tough (AC +5).
You have supernaturally acute eyesight.
Armour fits poorly on your strangely shaped body.
Your system is resistant to poisons.
You cover ground very slowly.
You have a slow metabolism.
You can spit poison.
You can use your snake-like lower body to constrict enemies.


Message History

You constrict the orc high priest. The sun demon hits you!!
You are engulfed in flames!
The orc wizard hits you but does no damage.
The orc high priest barely misses you.
Unknown command.
You hit the orc high priest but do no damage.
The orc high priest is moderately wounded.
You constrict the orc high priest. You block the orc wizard's attack.
The sun demon misses you. The orc high priest misses you.
The orc wizard looks braver for a moment.
The sun demon hits you!
You are engulfed in flames!
* * * LOW HITPOINT WARNING * * *
You can feel time thicken for a moment.
You kill the orc wizard!
Cheibriados thoroughly appreciates the change of pace.
You feel somewhat more hungry.
You constrict the orc high priest. The sun demon hits you!!
* * * LOW HITPOINT WARNING * * *
You are engulfed in flames!
You die...

..........#.(..#...###.≈≈≈≈#
≈≈ .##'###.###'##.#...#
##≈#≈#≈≈≈ ≈
.#...##.##...#.##'## #####
≈≈ .#..)##.##...#....# ≈
#######)###########
###.........#####
..(...8.8...)...###
)................)##
..##.......##...@3.#
###.........###..o.))...
#..)..8.8.....###.......
..).)....)......###.....
).)...)..........####...
.....#)).#........## ..
....##8)8##........## .
.####...).####......##
####.......#####.))..##


You could see an orc high priest and a sun demon.

Vanquished Creatures
  An orc warlord (Orc:2)
  A stone giant (Orc:2)
  The ghost of nivlat the Fetichist, a journeyman KoAs (Lair:3)
  A hydra (Lair:6)
  A queen ant (Lair:6)
  15 death yaks
  2 orc high priests (Orc:2)
  A lindwurm (Lair:8)
  3 orc knights
  5 orc sorcerers
  A cyclops (Orc:2)
  A griffon (Lair:8)
  4 elephants (Lair:8)
  2 black mambas
  12 spiny frogs
  5 komodo dragons
  A rime drake (Lair:5)
  A polar bear (Lair:8)
  2 two-headed ogres (Orc:2)
  A troll (Orc:2)
  A slime creature (D:9)
  12 blink frogs
  Sigmund (D:2)
  A wraith (D:10)
  17 yaks
  A basilisk (Lair:4)
  6 hippogriffs
  A steam dragon (D:9)
  2 wargs
  2 soldier ants (Lair:6)
  13 water moccasins
  2 porcupines
  27 orc warriors
  2 ice beasts (D:11)
  3 sky beasts
  3 ogres (Orc:2)
  An eye of draining (D:11)
  15 wolves
  5 centaurs
  12 crocodiles
  2 big kobolds
  8 giant frogs
  3 scorpions
  6 killer bees (D:9)
  3 wights
  A centaur zombie (D:8)
  9 crimson imps
  A quasit (D:9)
  3 hounds
  2 jellies
  8 orc wizards
  13 orc priests
  3 iguanas
  29 worker ants
  Natasha (thrice) (D:2)
  7 hell rats (Lair:8)
  9 sheep
  A hound skeleton (D:11)
  16 adders
  3 gnolls
  2 howler monkey skeletons (D:11)
  24 river rats
  2 oozes
  3 worms
  A dart slug (D:4)
  4 giant geckos
  52 orcs
  5 giant cockroaches
  11 goblins
  8 hobgoblins
  11 jackals
  4 quokkas
  2 ball pythons (D:2)
  A ball python skeleton (D:4)
  9 bats
  A giant gecko skeleton (D:7)
  5 giant newts
  3 goblin zombies (D:4)
  10 kobolds
  A kobold skeleton (D:4)
  An orc zombie (D:4)
  8 rats
  A butterfly (D:6)
  2 plants (Lair:8)
489 creatures vanquished.

Vanquished Creatures (collateral kills)
  A catoblepas (Lair:8)
  5 hydras
  5 death yaks (Lair:8)
  A deep troll shaman (Lair:8)
  An orc high priest (Orc:2)
  An orc knight (Orc:2)
  A hill giant (D:11)
  A cyclops (D:11)
  An orc sorcerer (Orc:2)
  11 elephants (Lair:8)
  2 black mambas
  11 spiny frogs
  5 komodo dragons
  4 rime drakes
  5 trolls
  A polar bear (Lair:8)
  2 two-headed ogres (Orc:2)
  3 blink frogs
  31 yaks
  A human (D:11)
  3 hogs (D:11)
  A steam dragon (Lair:4)
  3 hippogriffs
  2 basilisks
  4 wargs
  2 nagas (Lair:4)
  3 soldier ants (Lair:6)
  8 water moccasins
  A swamp worm (Lair:4)
  19 orc warriors
  4 porcupines
  4 black bears
  An eye of draining (D:9)
  An ice beast (D:8)
  10 ogres
  11 wolves
  10 crocodiles
  2 centaurs
  Blork the orc (D:6)
  11 giant frogs
  4 big kobolds
  A gnoll sergeant (D:7)
  2 scorpions
  9 killer bees (D:9)
  A wight (D:6)
  2 electric eels
  2 crimson imps
  3 centaur skeletons
  A jelly (D:9)
  A giant frog skeleton (D:11)
  A gnoll shaman (D:7)
  20 orc priests
  6 iguanas
  6 orc wizards
  6 worker ants (Lair:6)
  7 hell rats (Lair:7)
  A killer bee zombie (D:6)
  6 sheep
  A hound zombie (D:7)
  A worker ant zombie (D:5)
  14 gnolls
  20 river rats
  2 shadow imps
  A white imp (D:4)
  An adder skeleton (D:6)
  52 orcs
  A jackal (D:11)
  9 kobolds
  A quokka (D:6)
  A goblin zombie (D:4)
  2 hobgoblin zombies (D:4)
  A kobold skeleton (D:4)
  A bush (Lair:8)
  2 butterflies
  A fungus (Lair:7)
384 creatures vanquished.

Vanquished Creatures (others)
  An orc wizard (Orc:2)
  An orc (Orc:2)
  A kobold (D:9)
  A rat (D:3)
  2 bushes
  38 fungi
  39 plants
83 creatures vanquished.

Grand Total: 956 creatures vanquished

Notes
Turn   | Place    | Note
--------------------------------------------------------------
     0 | D:1      | BabyRage the Naga Ice Elementalist began the quest for the Orb.
     0 | D:1      | Reached XP level 1. HP: 15/15 MP: 3/3
   357 | D:1      | Reached XP level 2. HP: 19/22 MP: 3/5
   771 | D:1      | Reached XP level 3. HP: 25/28 MP: 6/6
  1160 | D:1      | Found a snail-covered altar of Cheibriados.
  1168 | D:1      | Became a worshipper of Cheibriados the Contemplative
  1430 | D:2      | Reached XP level 4. HP: 36/36 MP: 6/8
  1456 | D:2      | Learned a level 4 spell: Summon Ice Beast
  1488 | D:2      | Noticed Sigmund
  1528 | D:2      | Noticed Natasha
  1535 | D:2      | Killed Natasha
  1540 | D:2      | Reached skill level 1 in Summonings
  1599 | D:2      | Noticed Natasha
  1607 | D:2      | Killed Natasha
  1651 | D:2      | Killed Sigmund
  1651 | D:2      | Reached skill level 5 in Ice Magic
  1651 | D:2      | Reached XP level 5. HP: 16/42 MP: 4/10
  1651 | D:2      | Reached XP level 6. HP: 18/49 MP: 4/11
  1932 | D:2      | Found a sparkling altar of Nemelex Xobeh.
  1940 | D:2      | Reached * piety under Cheibriados
  2256 | D:2      | Noticed Natasha
  2265 | D:2      | Killed Natasha
  2535 | D:3      | Found a radiant altar of Vehumet.
  2581 | D:3      | Reached ** piety under Cheibriados
  2609 | D:3      | Found a glowing silver altar of Zin.
  2792 | D:3      | Found a shattered altar of Ashenzari.
  2957 | D:4      | Found a burning altar of Makhleb.
  2959 | D:4      | Reached XP level 7. HP: 55/55 MP: 10/12
  2979 | D:4      | Learned a level 4 spell: Throw Icicle
  3440 | D:4      | Found a glowing golden altar of the Shining One.
  3452 | D:4      | Reached *** piety under Cheibriados
  4003 | D:5      | Entered Level 5 of the Dungeon
  4013 | D:5      | Reached skill level 5 in Summonings
  4201 | D:5      | Reached XP level 8. HP: 38/62 MP: 9/14
  4540 | D:5      | Reached **** piety under Cheibriados
  5276 | D:6      | Found a staircase to the Ecumenical Temple.
  5287 | D:6      | Noticed Blork the orc
  5295 | D:6      | Killed Blork the orc
  5415 | D:6      | Found a white marble altar of Elyvilon.
  5628 | D:6      | Found an opulent altar of Gozag.
  5755 | D:6      | Reached ***** piety under Cheibriados
  6019 | D:6      | HP: 3/62 [wight/enchanted flail (4)]
  6030 | D:6      | Reached skill level 5 in Conjurations
  7116 | D:7      | Reached skill level 1 in Fighting
  7127 | D:7      | Reached XP level 9. HP: 59/70 MP: 6/15
  7306 | D:7      | Got a steaming lajatang
  7307 | D:7      | Identified the cursed +1 lajatang of the Skies Above {freeze, rPois Str+4} (You found it on level 7 of the Dungeon)
  7562 | D:7      | Found an iron altar of Okawaru.
  8223 | D:8      | Reached ****** piety under Cheibriados
  9293 | D:8      | Reached skill level 5 in Fighting
  9686 | D:9      | Reached skill level 5 in Dodging
  9717 | D:9      | Reached XP level 10. HP: 62/91 MP: 12/16
  9908 | D:9      | Reached skill level 1 in Invocations
 10578 | D:9      | Found a staircase to the Lair.
 11272 | D:9      | Reached skill level 5 in Invocations
 11272 | D:9      | HP: 3/94 [shot self (19)]
 11835 | D:10     | Entered Level 10 of the Dungeon
 12485 | Lair:1   | Entered Level 1 of the Lair of Beasts
 12485 | Lair:1   | Noticed a spiny frog
 12495 | Lair:1   | Killed a spiny frog
 12496 | Lair:1   | Noticed a six-headed hydra
 12580 | Lair:1   | Killed a six-headed hydra
 12917 | Lair:1   | Reached XP level 11. HP: 97/104 MP: 15/17
 14693 | Lair:2   | Reached skill level 10 in Fighting
 15420 | Lair:3   | Noticed a five-headed hydra
 15454 | Lair:3   | Killed a five-headed hydra
 16193 | Lair:3   | Noticed nivlat's ghost (journeyman KoAs)
 16197 | Lair:3   | Noticed an eight-headed hydra
 16364 | Lair:3   | Killed an eight-headed hydra
 16426 | Lair:3   | Killed nivlat's ghost
 16426 | Lair:3   | Reached XP level 12. HP: 21/116 MP: 5/18
 17821 | Lair:4   | Found a staircase to the Snake Pit.
 17986 | Lair:4   | Found a staircase to the Swamp.
 18072 | Lair:4   | Reached skill level 10 in Dodging
 18280 | Lair:4   | Learned a level 4 spell: Summon Lightning Spire
 18460 | Lair:4   | Noticed a four-headed hydra
 18465 | Lair:4   | Reached skill level 1 in Air Magic
 18730 | Lair:4   | Killed a four-headed hydra
 19406 | Lair:5   | Reached skill level 1 in Shields
 19779 | Lair:6   | Noticed an eight-headed hydra
 19791 | Lair:6   | Killed an eight-headed hydra
 20013 | Lair:6   | Noticed a queen ant
 20026 | Lair:6   | Killed a queen ant
 20049 | Lair:6   | Reached skill level 5 in Air Magic
 20128 | Lair:6   | Identified Keewaph's Tome of Shifting Feathers
 20180 | Lair:6   | Noticed a five-headed hydra
 20195 | Lair:6   | Killed a five-headed hydra
 20385 | Lair:6   | Gained mutation: You can use your snake-like lower body to constrict enemies. [Naga growth]
 20385 | Lair:6   | Reached XP level 13. HP: 123/123 MP: 19/19
 21135 | Lair:7   | Reached skill level 5 in Shields
 21173 | Lair:7   | Learned a level 6 spell: Freezing Cloud
 21217 | Lair:7   | Found a viscous altar of Jiyva.
 21217 | Lair:7   | Found a staircase to the Slime Pits.
 21845 | Lair:8   | Entered Level 8 of the Lair of Beasts
 22540 | Lair:8   | Reached XP level 14. HP: 132/132 MP: 6/20
 22849 | Lair:8   | Reached skill level 10 in Ice Magic
 23530 | Lair:8   | Identified the Collected Works on Unholy Malediction
 24017 | D:11     | Found Limnyupt's Book Shop.
 24165 | D:11     | Found a blossoming altar of Fedhas.
 24259 | D:11     | Found a staircase to the Orcish Mines.
 25290 | Orc:1    | Entered Level 1 of the Orcish Mines
 25458 | Orc:1    | Found a roughly hewn altar of Beogh.
 25596 | Orc:1    | Found a roughly hewn altar of Beogh.
 25939 | Orc:2    | Entered Level 2 of the Orcish Mines
 26216 | Orc:2    | Found a roughly hewn altar of Beogh.
 26242 | Orc:2    | Reached skill level 10 in Conjurations
 26315 | Orc:2    | Found Urphache's Magic Scroll Boutique.
 26343 | Orc:2    | Bought a scroll of acquirement for 520 gold pieces
 26343 | Orc:2    | Bought a scroll of fear for 35 gold pieces
 26343 | Orc:2    | Bought a scroll of enchant armour for 75 gold pieces
 26352 | Orc:2    | Found Bomif's Assorted Antiques.
 26356 | Orc:2    | Reached skill level 10 in Air Magic
 26582 | Orc:2    | Bought a scroll of magic mapping for 77 gold pieces
 26582 | Orc:2    | Bought a scroll labeled QIS CEOCOECUGA for 22 gold pieces
 26595 | Orc:2    | Noticed a stone giant
 26603 | Orc:2    | Killed a stone giant
 27050 | Orc:2    | Paralysed by an orc sorcerer for 7 turns
 27059 | Orc:2    | Reached skill level 5 in Spellcasting
 27329 | Orc:2    | Noticed an orc warlord
 27339 | Orc:2    | Killed an orc warlord
 27554 | Orc:2    | Found a roughly hewn altar of Beogh.
 27572 | Orc:2    | Reached XP level 15. HP: 138/138 MP: 22/22
 27588 | Orc:2    | Found Uthisad's Armour Shop.
 27596 | Orc:2    | Bought the +3 helmet of Beogh's Displeasure {rC+ Dex+4} for 628 gold pieces
 27698 | Orc:2    | Slain by a sun demon

Skill      XL: |  1  2  3  4  5  6  7  8  9 10 11 12 13 14 |
---------------+-------------------------------------------+-----
Ice Magic      | 4 5 6 8 10 | 10.3
Summonings     | 2 3 5 6 |  6.0
Spellcasting   | 3 4 5 |  5.1
Conjurations   | 6 8 10 | 10.4
Fighting       | 1 5 8 10 | 10.0
Dodging        | 2 5 8 10 | 10.0
Invocations    | 6 8 |  8.0
Air Magic      | 5 8 10 | 10.4
Shields        | 3 5 |  5.0
Stealth        | |  3.0

Action                   |  1- 3 |  4- 6 |  7- 9 | 10-12 | 13-15 || total
-------------------------+-------+-------+-------+-------+-------++-------
Melee: Dagger            |    10 |    15 |   228 |   322 |   565 ||  1140
       Short sword       |       |       |   115 |   340 |       ||   455
       Constrict         |       |       |       |       |   157 ||   157
 Cast: Freeze            |    28 |    53 |    32 |       |       ||   113
       Summon Ice Beast  |       |       |    57 |   163 |    90 ||   310
       Throw Icicle      |       |       |     3 |    10 |       ||    13
       Summon Lightning  |       |       |       |     7 |    61 ||    68
       Freezing Cloud    |       |       |       |       |    10 ||    10
Invok: Slouch            |       |       |       |     9 |    16 ||    25
       Step From Time    |       |       |       |     1 |       ||     1
 Abil: Spit Poison       |    24 |    36 |    23 |     2 |       ||    85
Evoke: Wand              |       |       |       |     3 |       ||     3
  Use: Scroll            |     1 |     4 |    15 |    13 |     7 ||    40
       Potion            |       |       |     7 |     6 |     1 ||    14
 Stab: Sleeping          |       |       |     8 |    13 |     9 ||    30
       Invisible         |       |       |     2 |     2 |       ||     4
       Distracted        |       |       |     3 |    10 |    19 ||    32
  Eat: Chunk             |     2 |     6 |    24 |    36 |    36 ||   104
       Bread ration      |       |       |       |     2 |     1 ||     3
       Fruit             |       |       |       |       |     1 ||     1
Armor: Robe              |     8 |    15 |   111 |   233 |       ||   367
       Skin              |       |       |     2 |       |       ||     2
       Steam dragon armo |       |       |       |    34 |   186 ||   220
Dodge: Dodged            |    25 |    29 |   250 |   571 |   510 ||  1385
Block: Buckler           |       |       |       |    26 |   218 ||   244
